 Dungeon Crawl Stone Soup version 0.29-a0-1014-ga8c0faee3b (webtiles) character file.

Game seed: 1914102958246425447

12 Ajdolov the Chopper (level 2, 0/26 HPs)
             Began as a Ghoul Monk on Aug 9, 2022.
             Slain by a quokka (5 damage)
             ... on level 1 of the Dungeon.
             The game lasted 00:00:27 (464 turns).

Ajdolov the Chopper (Ghoul Monk)                     Turns: 464, Time: 00:00:28

Health: 0/26       AC:  2    Str: 14    XL:     2   Next: 33%
Magic:  1/1        EV: 12    Int:  5    God:
Gold:   21         SH:  0    Dex: 11    Spells: 1/1 levels left

rFire   . . .      SeeInvis .   a - +0 hand axe
rCold   + . .      Faith    .   (no shield)
rNeg    + + +      Spirit   .   b - +0 robe
rPois   ∞          Reflect  .   (no helmet)
rElec   .          Harm     .   (no cloak)
rCorr   .          Rampage  .   (no gloves)
Will    .....                   (no boots)
Stlth   +.........              (no amulet)
HPRegen 0.00/turn               (no ring)
MPRegen 0.07/turn               (no ring)

@: confused, ambrosia-drunk, inhibited regen
A: claws 1, cold resistance 1, negative energy resistance 3, inhibited
regeneration, torment resistance 2, devour on kill
a: no special abilities


You were on level 1 of the Dungeon.
You visited 1 branch of the dungeon, and saw 1 of its levels.

You collected 21 gold pieces.

Inventory:

Hand Weapons
 a - a +0 hand axe (weapon)
Armour
 b - a +0 robe (worn)
Scrolls
 d - a scroll of teleportation {unknown}


   Skills:
 - Level 3.2 Fighting
 + Level 3.3 Axes
 - Level 2.6 Dodging
 - Level 2.1 Stealth


You had one spell level left.
You didn't know any spells.
Your spell library was empty.

Dungeon Overview and Level Annotations

Branches:
Dungeon (1/15)

Altars:


Innate Abilities, Weirdness & Mutations

You are immune to poison.
You have sharp fingernails.
Your flesh is cold resistant. (rC+)
You are immune to negative energy. (rN+++)
You do not regenerate when monsters are visible.
You are immune to unholy pain and torment.
You thrive by killing the living.


Message History

The ball python grabs you. The ball python constricts you.
You barely miss the ball python. You barely miss the frilled lizard.
The ball python bites you. The ball python constricts you.
The frilled lizard bites you.
You closely miss the ball python.
You hit the frilled lizard but do no damage.
A quokka comes into view.
The ball python barely misses you. The ball python constricts you.
The frilled lizard barely misses you.
You hit the ball python but do no damage.
You hit the frilled lizard.
You kill the frilled lizard!
The ball python bites you. The ball python constricts you.
The ball python closely misses you. The ball python constricts you.
You closely miss the ball python. You hit the kobold.
The kobold hits you but does no damage.
The ball python bites you but does no damage.
The ball python constricts you.
You closely miss the ball python. You closely miss the kobold.
The kobold barely misses you. The ball python bites you.
The ball python constricts you.
You hit the ball python.
The ball python is moderately wounded.
You hit the kobold.
You kill the kobold!
The ball python bites you. The ball python constricts you.
The ball python bites you. The ball python constricts you.
You are too injured to fight recklessly!
You are too injured to fight recklessly!
You are too injured to fight recklessly!
You hit the ball python.
You kill the ball python!
You feel better.
You miss the quokka. The quokka bites you.
* * * LOW HITPOINT WARNING * * *
The quokka bites you.
* * * LOW HITPOINT WARNING * * *
Unknown command.
You are confused.
You feel invigorated. The quokka bites you.
You die...

##..##.#######.# #.....#
#.# #...### #.#
#...##### #.#
########.#...#.. #.# ~
~~.........###.# .#.#
~~~............#.###.#.#
.....##........#.#...#.#
......r@.......#.#.###..
.......r....#..#.......#
............#.>†...###.#
............###.#### #.#
.......#####.....# #.#
....... .........# #.#
....... ###......# #..
....... #......# ###
#......#


You could see 2 quokkas.

Vanquished Creatures
  2 bats (D:1)
  An endoplasm (D:1)
  2 giant cockroaches (D:1)
  A hobgoblin (D:1)
  2 kobolds (D:1)
  A ball python (D:1)
  A frilled lizard (D:1)
  A rat (D:1)
11 creatures vanquished.

Notes
Turn   | Place    | Note
-------+----------+-------------------------------------------
     0 | D:1      | Ajdolov the Ghoul Monk began the quest for the Orb.
     0 | D:1      | Reached XP level 1. HP: 19/19 MP: 0/0
   387 | D:1      | Reached XP level 2. HP: 26/26 MP: 1/1
   463 | D:1      | HP: 1/26 [quokka (4)]
   464 | D:1      | Slain by a quokka

Illustrated notes

Levels and vault maps discovered:
D:1:      wheals_arrival_linesprint, layout_basic,
          hellmonk_ecumenical_altar_arch_garden, lemuel_another_geyser

Skill      XL: |  1 |
---------------+----+-----
Axes           | 3 |  3.3
Fighting       | |  3.2
Dodging        | |  2.6
Stealth        | |  2.1

Action                   || total
-------------------------++-------
Melee: Hand axe          ||    37
  Use: Potion            ||     1
 Stab: Sleeping          ||     1
Armor: Robe              ||     9
Dodge: Dodged            ||    24

Table legend: (Time is in decaauts)
 A = Elapsed time spent in this place.
 B = Non-inter-level travel time spent in this place.
 C = Inter-level travel time spent in this place.
 D = Time resting spent in this place.
 E = Time spent auto-exploring this place.
 F = Levels seen in this place.
 G = Mean time per level.
                   A        B        C        D        E       F      G
               +--------+--------+--------+--------+--------+-----+--------+
         Total |    469 |    469 |      0 |      0 |    390 |   1 |  469.0 |
       Dungeon |    469 |    469 |      0 |      0 |    390 |   1 |  469.0 |
               +--------+--------+--------+--------+--------+-----+--------+

Top non-repeatable levels by time:
     D:1: 469 daAuts
